 Dungeon Crawl Stone Soup version 0.28.0-53-g5a82cb258f (webtiles) character file.

Game seed: 12167752879850126348

149 Zeld the Conjurer (level 5, -1/28 HPs)
             Began as a Gargoyle Conjurer on June 2, 2022.
             Killed from afar by Ijyb (10 damage)
             ... with an iceblast
             ... on level 3 of the Dungeon.
             The game lasted 00:03:43 (2866 turns).

Zeld the Conjurer (Gargoyle Conjurer)               Turns: 2866, Time: 00:03:44

Health: -1/28      AC:  7    Str: 11    XL:     5   Next: 31%
Magic:  2/9        EV: 11    Int: 20    God:
Gold:   118        SH:  0    Dex:  8    Spells: 7/10 levels left

rFire   . . .      SeeInvis .   (no weapon)
rCold   . . .      Faith    .   (no shield)
rNeg    + . .      Spirit   .   a - +0 robe
rPois   ∞          Reflect  .   (no helmet)
rElec   +          Harm     .   (no cloak)
rCorr   .          Rampage  .   (no gloves)
Will    .....                   i - +0 pair of boots
Stlth   ++........              (no amulet)
HPRegen 0.09/turn               (no ring)
MPRegen 0.11/turn               (no ring)

@: no status effects
A: sickness immunity, AC +4, negative energy resistance 1, electricity
resistance, torment resistance 1, petrification resistance
a: no special abilities


You were on level 3 of the Dungeon.
You visited 1 branch of the dungeon, and saw 3 of its levels.

You collected 118 gold pieces.

Inventory:

Missiles
 b - 20 bolts
Armour
 a - a +0 robe (worn)
 i - a +0 pair of boots (worn)
Scrolls
 c - 4 scrolls of identify {unknown}
 d - 2 scrolls of teleportation {unknown}
 e - 2 scrolls of fear {unknown}
 f - a scroll of brand weapon {unknown}
 g - a scroll of fog {unknown}
 h - a scroll of holy word {unknown}
Potions
 j - a potion of haste {unknown}


   Skills:
 - Level 1.5 Dodging
 + Level 2.2 Stealth
 * Level 3.2 Spellcasting
 + Level 4.9 Conjurations
 - Level 2.0 Hexes
 - Level 2.0 Translocations


You had 7 spell levels left.
You knew the following spells:

 Your Spells              Type           Power      Damage    Failure   Level
a - Magic Dart            Conj           88%        1d7       1%          1
b - Searing Ray           Conj           44%        2d6       2%          2

Your spell library contained the following spells:

 Spells                   Type           Power      Damage    Failure   Level
 Dazzling Flash           Conj/Hex       34%        N/A       10%         3
 Fulminant Prism          Conj/Hex       8%         3d7       32%         4
 Iskenderun's Mystic Bla  Conj/Tloc      17%        2d5       32%         4


Dungeon Overview and Level Annotations

Branches:
Dungeon (3/15)

Altars:

Annotations:
D:3 Ijyb


Innate Abilities, Weirdness & Mutations

You are immune to sickness and miasma.
Your stone body is resilient. (AC +4)
You are immune to poison.
You resist negative energy. (rN+)
You are resistant to electric shocks. (rElec)
You are resistant to unholy torment.
You are immune to petrification.


Message History

The searing ray misses Ijyb. (Press . to maintain the ray.) Unknown command.
The searing ray misses Ijyb.
Ijyb screams, "I cut your head off!" Ijyb hits you but does no damage.
The searing ray misses Ijyb.
Ijyb hits you but does no damage.
The searing ray hits Ijyb.
Ijyb is lightly wounded.
You finish channelling your searing ray.
Ijyb barely misses you.
Casting: Searing Ray (safe; 2% risk of failure)
Confirm with . or Enter, or press ? or * to list all spells.
Aiming: Searing Ray (safe; 2% risk of failure)
Press: ? - help, Shift-Dir - straight line, f/p - Ijyb
Aim: Ijyb, wielding a +0 club, wearing a +0 ring mail and carrying a wand of iceblast (13) (lightly wounded, 75% to hit)
The searing ray hits Ijyb!
Ijyb is heavily wounded. (Press . to maintain the ray.) Ijyb closely misses you.
The searing ray hits Ijyb.
Ijyb is severely wounded.
Ijyb hits you with a +0 club.
The searing ray hits Ijyb but does no damage.
Ijyb is severely wounded.
Ijyb closely misses you.
Without enough magic to sustain it, your searing ray dissipates.
Ijyb hits you but does no damage.
Casting: Searing Ray (safe; 2% risk of failure)
Confirm with . or Enter, or press ? or * to list all spells.
You don't have enough magic to cast this spell.
Ijyb screams, "Level is mine!
All mine!"
Ijyb zaps a wand.
The mass of ice explodes!
The iceblast engulfs you!
Ouch! That really hurt!
Ijyb zaps a wand.
The mass of ice explodes!
The iceblast engulfs you.
Ijyb zaps a wand.
The mass of ice explodes!
The iceblast engulfs you.
There is a stone staircase leading up here.
Ijyb screams, "You nasty!
Big nasty!"
Ijyb zaps a wand.
The mass of ice explodes!
The iceblast engulfs you!
You die...

..# # ..# ..
..#.###
######.......
#..........#
#:####.#..#..
#.# ... # ###
#.# ###.# #@#
#.# .# #.# #g#
.. #.# #.# $
#.####.#######
#.g..g........
#.###########.
#.# ###


You could see Ijyb.

Vanquished Creatures
  An ogre (D:2)
  2 adders (D:2)
  A dart slug (D:2)
  An endoplasm (D:2)
  2 giant cockroaches
  A hobgoblin (D:1)
  4 jackals
  5 kobolds (D:1)
  3 quokkas
  2 ball pythons (D:2)
  6 bats
  6 frilled lizards
  7 goblins
  5 rats
46 creatures vanquished.

Notes
Turn   | Place    | Note
-------+----------+-------------------------------------------
     0 | D:1      | Zeld the Gargoyle Conjurer began the quest for the Orb.
     0 | D:1      | Reached XP level 1. HP: 10/10 MP: 3/3
   201 | D:2      | Reached XP level 2. HP: 6/15 MP: 0/5
   251 | D:2      | Learned a level 2 spell: Searing Ray
   598 | D:2      | Reached skill level 1 in Hexes
   770 | D:1      | You fall into a shaft and drop 1 floor!
   835 | D:2      | Reached skill level 1 in Translocations
   835 | D:2      | Reached XP level 3. HP: 19/19 MP: 4/6
  2116 | D:2      | Noticed an ogre
  2123 | D:2      | Killed an ogre
  2124 | D:2      | Reached XP level 4. HP: 24/24 MP: 1/8
  2124 | D:2      | Reached XP level 5. HP: 28/28 MP: 1/9
  2838 | D:3      | Noticed Ijyb
  2866 | D:3      | Killed from afar by Ijyb

Illustrated notes

Levels and vault maps discovered:
D:1:      lemuel_arrival_river_ford, layout_rooms, lemuel_old_faithful
D:2:      layout_loops_cross
D:3:      layout_basic, nicolae_kikubaaqudgha_miasma_corner,
          chequers_ecumenical_altar_island, fountainhead, uniq_natasha,
          uniq_crazy_yiuf_cottage, uniq_ijyb, uniq_grinder

Skill      XL: |  1  2  3  4  5 |
---------------+----------------+-----
Hexes          | 1 2 |  2.0
Translocations | 1 2 |  2.0
Spellcasting   | 3 |  3.2
Dodging        | |  1.5
Stealth        | |  2.2
Conjurations   | |  4.9

Action                   |  1- 3 |  4- 6 || total
-------------------------+-------+-------++-------
Melee: Unarmed           |    39 |     2 ||    41
 Cast: Magic Dart        |    30 |       ||    30
       Searing Ray       |    21 |     9 ||    30
Armor: Robe              |    43 |     5 ||    48
Dodge: Dodged            |    54 |     4 ||    58
